 Dungeon Crawl Stone Soup version 0.26-a0-812-g31a745ddcd (webtiles) character file.

Game seed: 2753136263841350693

85521 KristoblXynda the Severer (level 15, -6/208 HPs)
             Began as a Pale Draconian Berserker on Nov 13, 2020.
             Was the Champion of Trog.
             Mangled by an entropy weaver (16 damage)
             ... on level 6 of the Lair of Beasts.
             The game lasted 00:49:29 (25726 turns).

KristoblXynda the Severer (DrBe)                   Turns: 25726, Time: 00:49:30

Health: -6/208     AC: -4    Str: 20    XL:     15   Next: 38%
Magic:  15/15      EV: 22    Int: 13    God:    Trog [******]
Gold:   1510       SH: 14    Dex: 11    Spells: 14/14 levels left

rFire    . . .     SeeInvis .   E - +6 war axe (flame)
rCold    + . .     Faith    .   n - +1 kite shield
rNeg     . . .     Spirit   .   (armour unavailable)
rPois    +         Reflect  .   (helmet restricted)
rElec    +         Harm     .   O - +2 cloak {MR+}
rCorr    .         Rampage  .   D - +2 pair of gloves {archery}
MR       ++...                  N - +0 pair of boots of Knowledge {rElec}
Stlth    ..........             K - amulet "Kemehach" {Acrobat rElec rC+}
HPRegen  0.44/turn              L - +4 ring of evasion
MPRegen  0.14/turn              x - ring of poison resistance

@: berserking, marked, corroded, studying 3 skills, very quick
A: breathe steam, unfitting armour, cold-blooded, AC +9
a: Breathe Steam, Berserk, Trog's Hand, Brothers in Arms, Renounce Religion


You were on level 6 of the Lair of Beasts.
You worshipped Trog.
Trog was exalted by your worship.
You visited 2 branches of the dungeon, and saw 21 of its levels.
You also visited: Trove, Sewer, Bailey and Gauntlet.

You collected 2212 gold pieces.
You spent 702 gold pieces at shops.

Inventory:

Hand Weapons
 E - a +6 war axe of flaming (weapon)
 F - a +5 spectral broad axe
Armour
 n - a +1 kite shield (worn)
 D - a +2 pair of gloves of archery (worn)
 N - the +0 pair of boots of Knowledge (worn) {rElec}
   (You bought it in a shop on level 11 of the Dungeon)

   It insulates you from electricity.
 O - a +2 cloak of magic resistance (worn)
 X - a +0 pair of boots of rampaging
Jewellery
 x - a ring of poison resistance (right hand)
 K - the amulet "Kemehach" (around neck) {Acrobat rElec rC+}
   (You acquired it on level 11 of the Dungeon)

   [amulet of the acrobat]

   It helps you evade while moving and waiting.
   It protects you from cold.
   It insulates you from electricity.
 L - a +4 ring of evasion (left hand)
 P - an uncursed ring of see invisible
 Y - an uncursed ring of flight
Wands
 v - a wand of iceblast (29)
 G - a wand of paralysis (8)
 H - a wand of acid (19)
 I - a wand of digging (4)
Scrolls
 a - 6 scrolls of remove curse
 d - a scroll of magic mapping
 e - 3 scrolls of amnesia
 h - a scroll of enchant armour
 i - 3 scrolls of enchant weapon
 j - 4 scrolls of identify
 q - 14 scrolls of teleportation
 s - 2 scrolls of blinking
 t - 5 scrolls of fog
 u - a scroll of holy word
 W - a scroll of brand weapon
 Z - a scroll of fear
Potions
 c - 2 potions of heal wounds
 f - 7 potions of flight
 g - a potion of resistance
 k - a potion of magic
 l - 5 potions of invisibility
 m - 11 potions of curing
 p - a potion of ambrosia
 r - 4 potions of brilliance
 z - a potion of attraction
 B - 3 potions of lignification
 C - 5 potions of haste
 J - a potion of cancellation
 T - a potion of might {unknown}
 V - a potion of mutation
Books
 b - a manual of Axes
 A - a manual of Fighting
 U - a manual of Evocations
Miscellaneous
 o - a box of beasts
 w - a condenser vane (inert)
 y - a lightning rod (4/4)
 M - a phial of floods
 Q - a phantom mirror
 R - a tin of tremorstones (2/2)
 S - a phantom mirror


   Skills:
 + Level 14.6 Fighting
 + Level 17.5 Axes
 + Level 12.9 Dodging
 + Level 13.2 Shields


You had 14 spell levels left.
You didn't know any spells.
Your spell library contained the following spells:

 Spells                   Type           Power        Failure   Level
 Animate Skeleton         Necr           #.....       36%         1
 Beastly Appendage        Tmut           #.....       36%         1
 Foxfire                  Conj/Fire      #...         36%         1
 Magic Dart               Conj           #...         36%         1
 Pain                     Necr           #...         36%         1
 Summon Small Mammal      Summ           #...         36%         1
 Blink                    Tloc           N/A          50%         2
 Call Imp                 Summ           #.......     50%         2
 Poisonous Vapours        Pois/Air       #.....       50%         2
 Searing Ray              Conj           #.....       50%         2
 Slow                     Hex            #.......     50%         2
 Swiftness                Air            #.......     50%         2
 Wereblood                Tmut           #.......     50%         2
 Call Canine Familiar     Summ           #.......     75%         3
 Conjure Flame            Conj/Fire      #.......     75%         3
 Dazzling Flash           Conj/Hex       #.....       75%         3
 Mephitic Cloud           Conj/Pois/Air  #.......     75%         3
 Spider Form              Tmut/Pois      #.........   75%         3
 Summon Guardian Golem    Hex/Summ       #.......     75%         3
 Vampiric Draining        Necr           #.........   75%         3
 Airstrike                Air            #.........   98%         4
 Animate Dead             Necr           #.........   98%         4
 Cause Fear               Hex            #.........   98%         4
 Fulminant Prism          Conj/Hex       #.........   98%         4
 Ice Form                 Ice/Tmut       #.......     98%         4
 Iskenderun's Mystic Bla  Conj/Tloc      #.......     98%         4
 Summon Ice Beast         Ice/Summ       #.......     98%         4
 Summon Lightning Spire   Summ/Air       #.......     98%         4
 Agony                    Necr           #.......     100%        5
 Blade Hands              Tmut           #.........   100%        5
 Lightning Bolt           Conj/Air       #.........   100%        5
 Freezing Cloud           Conj/Ice/Air   #.........   100%        6
 Dragon Form              Tmut           #.........   100%        7
 Dragon's Call            Summ           #.........   100%        9


Dungeon Overview and Level Annotations

Branches:
Dungeon (15/15)            Temple (0/1) D:7            Lair (5/6) D:11
  Swamp (0/4) Lair:3       Shoals (0/4) Lair:2          Orc (0/2) D:9
 Vaults (0/5) D:14         Depths (0/5) D:15          Sewer (visited)
 Bailey (visited)         Gauntlet (visited)
  Slime: Lair:5-6

Altars:
Ashenzari
Dithmenos
Elyvilon
Hepliaklqana
Makhleb
Nemelex Xobeh
Sif Muna
Trog
Xom
Beogh

Shops:
D:8 =   D:9 :}:   D:11 [   D:14 [

Annotations:
D:13 1 transporter
D:15 exclusion: obsidian statue
Lair:4 exclusion: 3 oklob plants


Innate Abilities, Weirdness & Mutations

You can breathe blasts of scalding, opaque steam.
Your pale cyan-grey scales are hard. (AC +9)
You cannot fit into any form of body armour.
You are cold-blooded and may be slowed by cold attacks.


Message History

The entropy weaver is heavily wounded.
You hit the yak. You burn the yak.
You kill the yak!
Trog accepts your kill.
The entropy weaver completely misses you.
The entropy weaver hits you!
* * * LOW HITPOINT WARNING * * *
The entropy weaver hits you!
* * * LOW HITPOINT WARNING * * *
The entropy weaver barely misses you.
The worker ant is engulfed in poison gas.
The worker ant looks even sicker.
You barely miss the entropy weaver.
The entropy weaver is heavily wounded.
The entropy weaver hits you!
* * * LOW HITPOINT WARNING * * *
The entropy weaver hits you!
* * * LOW HITPOINT WARNING * * *
The entropy weaver hits you!
You die...

♣..P....##≈##################
♣#l...≈≈≈≈≈≈≈≈≈≈≈≈≈≈≈≈≈≈≈≈≈≈≈
#.....≈≈≈≈≈≈≈≈≈≈≈≈≈≈≈≈≈≈≈ ≈≈
♣...#...##≈≈##≈≈##≈≈##≈≈# ≈≈.
#........#≈≈##≈≈##≈≈.#≈≈##≈≈#
#..<....≈≈.≈.≈≈.≈≈.≈....≈≈.≈≈
....#..#......<.....≈≈#≈≈
......§##.###.......## ≈
#.○°†○@..##..#...###
P...#'BB#......#...#.## .
#○°B##....#..††...##
#.°#☼†###..#...†.<..#
.○.###.. ####....P##..# #(°.†


BBB ##....#.... ##○☼ B.B# #.....##.#. #..# .#.. #...).....# ..# ###..
##...#....# You could see an entropy weaver (poisoned), a soldier ant (very
poisoned) and a worker ant (very poisoned).

Vanquished Creatures
  A frost giant (D:15)
  An entropy weaver (Lair:6)
  A minotaur (Gauntlet)
  Snorg (Lair:6)
  Josephine (D:14)
  Fannar (Lair:2)
  8 vault guards (D:14)
  8 hydras
  2 boulder beetles (D:15)
  A merfolk avatar (Lair:6)
  A catoblepas (Lair:5)
  A queen ant (Lair:6)
  5 centaur warriors
  3 two-headed ogres
  3 death yaks (Lair:6)
  Nergalle (Lair:1)
  3 unseen horrors
  2 bog bodies (Lair:3)
  Pikel (D:7)
  2 deep elf magi
  A harpy (shapeshifter) (D:15)
  3 harpies (Lair:6)
  3 manticores
  6 cyclopes
  12 ugly things
  2 elephants (Lair:6)
  2 apocalypse crabs (Gauntlet)
  3 black mambas
  3 centaur zombies
  A merfolk siren (Lair:2)
  9 cane toads
  2 gargoyles
  Maggie (D:7)
  7 rime drakes
  2 kobold demonologists
  17 komodo dragons
  A yaktaur (D:15)
  Grinder (D:5)
  A troll (D:14)
  4 polar bears
  5 hornets
  3 meliai zombies
  10 blink frogs (Lair:3)
  7 wraiths
  A shadow (D:13)
  6 wyverns
  2 vampires (D:13)
  4 fire bats (D:14)
  3 water elementals (D:14)
  43 yaks
  3 basilisks
  2 vampire mosquitoes (D:15)
  3 swamp worms (Lair:3)
  Edmund (D:5)
  15 soldier ants (Lair:6)
  3 acid dragons
  14 water moccasins
  A floating eye (Lair:4)
  A hell hound (D:14)
  An ice beast (D:13)
  19 orc warriors
  5 sky beasts
  A black bear (Lair:1)
  2 necrophages
  4 phantoms
  8 ogres
  23 wolves
  5 centaurs
  2 lemures (D:7)
  A big kobold (D:14)
  18 bullfrogs
  2 wyvern skeletons
  A water moccasin skeleton (D:5)
  3 scorpions
  10 killer bees
  16 wights
  2 electric eels
  6 howler monkeys
  2 lava snakes (D:14)
  5 jellies
  7 centaur skeletons
  10 hounds
  8 orc priests
  A bullfrog skeleton (D:11)
  Jessica (D:2)
  5 iguanas
  14 orc wizards
  Natasha (thrice) (D:3)
  30 worker ants
  A worker ant zombie (D:7)
  7 gnolls
  5 adders
  10 river rats
  A shadow imp (D:9)
  3 white imps
  An ufetubus (D:6)
  3 oozes (Sewer)
  An adder skeleton (D:10)
  9 worms
  A dart slug (D:1)
  6 leopard geckos
  66 orcs
  4 ball pythons
  16 giant cockroaches
  9 hobgoblins
  22 jackals
  29 kobolds
  7 quokkas
  11 bats
  10 frilled lizards
  12 goblins
  A jackal skeleton (D:2)
  A leopard gecko skeleton (D:7)
  28 rats
  A fire vortex (D:14)
735 creatures vanquished.

Vanquished Creatures (others)
  A bush (Lair:6)
  A fire vortex (D:14)
  30 fungi
  78 plants
110 creatures vanquished.

Grand Total: 845 creatures vanquished

Notes
Turn   | Place    | Note
-------+----------+-------------------------------------------
     0 | D:1      | KristoblXynda the Draconian Berserker began the quest for
                  | the Orb.
     0 | D:1      | Reached XP level 1. HP: 19/19 MP: 1/1
   365 | D:1      | Reached XP level 2. HP: 26/26 MP: 2/2
   492 | D:1      | Reached ** piety under Trog
   683 | D:1      | Reached XP level 3. HP: 29/31 MP: 3/3
  1243 | D:2      | Noticed Jessica
  1247 | D:2      | Killed Jessica
  1247 | D:2      | Reached skill level 4 in Axes
  1247 | D:2      | Reached XP level 4. HP: 40/40 MP: 4/4
  1658 | D:2      | Found a shimmering altar of Xom.
  1661 | D:2      | Found a white marble altar of Elyvilon.
  1687 | D:2      | Found a shadowy altar of Dithmenos.
  2068 | D:3      | Noticed Natasha
  2075 | D:3      | Killed Natasha
  2075 | D:3      | Reached *** piety under Trog
  2075 | D:3      | Reached XP level 5. HP: 33/46 MP: 5/5
  2273 | D:3      | Noticed Natasha
  2290 | D:3      | Killed Natasha
  2482 | D:3      | Reached skill level 5 in Axes
  2497 | D:3      | Reached XP level 6. HP: 38/53 MP: 6/6
  2655 | D:3      | Found a glowing drain.
  2678 | Sewer    | Entered a sewer
  3054 | Sewer    | Reached **** piety under Trog
  3599 | D:3      | Noticed Natasha
  3606 | D:3      | Killed Natasha
  3921 | D:4      | Reached skill level 5 in Fighting
  3923 | D:4      | Reached skill level 6 in Axes
  3925 | D:4      | Your scales start taking on a pale cyan-grey colour.
  3925 | D:4      | Reached XP level 7. HP: 23/61 MP: 7/7
  4171 | D:4      | Reached skill level 1 in Shields
  4647 | D:5      | Entered Level 5 of the Dungeon
  4797 | D:5      | Reached skill level 7 in Axes
  4897 | D:5      | Reached skill level 5 in Dodging
  4915 | D:5      | Noticed Edmund
  4916 | D:5      | Noticed Grinder
  4921 | D:5      | Reached XP level 8. HP: 63/68 MP: 8/8
  4928 | D:5      | Killed Grinder
  4948 | D:5      | Killed Edmund
  5532 | D:5      | Reached skill level 8 in Axes
  5814 | D:6      | Noticed a two-headed ogre
  5826 | D:6      | Killed a two-headed ogre
  5826 | D:6      | Reached ***** piety under Trog
  5826 | D:6      | Reached skill level 9 in Axes
  5826 | D:6      | Reached XP level 9. HP: 25/74 MP: 9/9
  6138 | D:6      | Found a hazy altar of Hepliaklqana.
  7077 | D:7      | Received a gift from Trog
  7117 | D:7      | Noticed Pikel
  7119 | D:7      | Reached skill level 5 in Shields
  7138 | D:7      | Killed Pikel
  7138 | D:7      | Reached skill level 10 in Axes
  7370 | D:7      | Found a broken altar of Ashenzari.
  7487 | D:7      | Found a sparkling altar of Nemelex Xobeh.
  7538 | D:7      | Found a staircase to the Ecumenical Temple.
  7540 | D:7      | Noticed Maggie
  7554 | D:7      | Killed Maggie
  8036 | D:8      | Reached XP level 10. HP: 69/81 MP: 10/10
  8330 | D:8      | Found Deofyinuzu's Jewellery Shoppe.
  8574 | D:8      | Reached skill level 11 in Axes
  8650 | D:8      | Found a burning altar of Makhleb.
  8703 | D:9      | Found a flagged portal.
  8716 | Bailey   | Entered a bailey
  8964 | Bailey   | Identified the Disquisition on Snow and Weightlessness
  8972 | Bailey   | Found a burning altar of Makhleb.
  9274 | D:9      | Found a staircase to the Orcish Mines.
  9467 | D:9      | Received a gift from Trog
  9682 | D:9      | Found Byviama's Gadget Shop.
  9796 | D:9      | Found Yqiriy's Book Shop.
  9928 | D:9      | Found Webeb's Book Shoppe.
  9977 | D:10     | Entered Level 10 of the Dungeon
 10186 | D:10     | Killed an unseen horror
 10280 | D:10     | Noticed a sun demon
 10469 | D:10     | Reached XP level 11. HP: 65/91 MP: 8/11
 11162 | D:11     | Found Vioschoso's Antique Armour Boutique.
 11170 | D:11     | Bought a pair of masterwork boots for 285 gold pieces
 11170 | D:11     | Bought an embroidered cloak for 225 gold pieces
 11181 | D:11     | Identified the +0 pair of boots of Knowledge {rElec} (You
                  | bought it in a shop on level 11 of the Dungeon)
 11601 | D:11     | Reached skill level 12 in Axes
 11833 | D:11     | Found a staircase to the Lair.
 12121 | D:11     | Received a gift from Trog
 12224 | D:11     | Identified a scroll of acquirement
 12224 | D:11     | Acquired the amulet "Kemehach" {Acrobat rElec rC+}
 12787 | D:12     | Noticed a cyan ugly thing
 12795 | D:12     | Killed a cyan ugly thing
 12802 | D:12     | Noticed a seven-headed hydra
 12814 | D:12     | Killed a four-headed hydra
 13197 | D:12     | Killed an unseen horror
 13322 | D:12     | Found a roughly hewn altar of Beogh.
 13337 | D:12     | Reached XP level 12. HP: 69/103 MP: 12/12
 13796 | D:12     | Found a portal to a secret trove of treasure.
 13879 | Trove    | Entered a treasure trove
 14295 | D:13     | Noticed a deep elf annihilator
 14331 | D:13     | Noticed a deep troll earth mage
 14343 | D:13     | Noticed a centaur warrior
 14343 | D:13     | Noticed a centaur warrior
 14359 | D:13     | Killed a centaur warrior
 14361 | D:13     | Killed a centaur warrior
 14629 | D:13     | Acquired a manual of Axes
 14675 | D:13     | Noticed a two-headed ogre
 14696 | D:13     | Reached skill level 10 in Dodging
 14699 | D:13     | Killed a two-headed ogre
 14990 | D:13     | Reached * piety under Trog
 14990 | D:13     | Reached skill level 13 in Axes
 15418 | D:13     | Found a shimmering blue altar of Sif Muna.
 15422 | D:13     | Found a transporter.
 15427 | D:13     | Noticed an ogre mage
 15465 | D:13     | Identified the ring "Useaheyx" {*Tele rF+ rN+}
 15703 | D:14     | Noticed Josephine
 15709 | D:14     | Reached skill level 10 in Fighting
 15711 | D:14     | Killed Josephine
 15711 | D:14     | Reached skill level 10 in Shields
 15929 | D:14     | Found a bloodstained altar of Trog.
 15939 | D:14     | Noticed a vault guard
 15943 | D:14     | Noticed a vault guard
 15970 | D:14     | Killed a vault guard
 15977 | D:14     | Killed a vault guard
 15997 | D:14     | Noticed a vault guard
 15999 | D:14     | Noticed a vault guard
 16017 | D:14     | Noticed a vault guard
 16022 | D:14     | Killed a vault guard
 16022 | D:14     | Reached XP level 13. HP: 58/114 MP: 13/13
 16023 | D:14     | Reached skill level 14 in Axes
 16283 | D:14     | Found a gate to the Vaults.
 16885 | D:14     | Found Goletroa's Armour Shoppe.
 16889 | D:14     | Bought a scarf of repulsion for 192 gold pieces
 17383 | D:15     | Entered Level 15 of the Dungeon
 17426 | D:15     | Found a gate leading to a gauntlet.
 17431 | Gauntlet | Entered a Gauntlet
 17431 | Gauntlet | Found a transporter.
 17434 | Gauntlet | Found a transporter.
 17509 | Gauntlet | Found a transporter.
 17510 | Gauntlet | Found a transporter.
 17526 | Gauntlet | Found a transporter.
 17540 | Gauntlet | Found a transporter.
 17553 | Gauntlet | Found a transporter.
 17558 | Gauntlet | Found a transporter.
 17558 | Gauntlet | Found a transporter.
 17561 | Gauntlet | Found a transporter.
 17562 | Gauntlet | Found a transporter.
 17572 | Gauntlet | Found a transporter.
 17682 | Gauntlet | Got a distressingly furry cloak
 17700 | Gauntlet | Identified the +1 cloak of Untold Secrets {Int+4} (You
                  | found it in a Gauntlet)
 17884 | Gauntlet | Noticed a minotaur
 17900 | Gauntlet | Killed a minotaur
 18291 | D:15     | Reached skill level 15 in Axes
 19509 | D:15     | Reached XP level 14. HP: 96/126 MP: 14/14
 19847 | D:15     | Found a staircase to the Depths.
 19847 | D:15     | Noticed a frost giant
 19854 | D:15     | Killed a frost giant
 20119 | Lair:1   | Entered Level 1 of the Lair of Beasts
 20325 | Lair:1   | Noticed Nergalle
 20338 | Lair:1   | Killed Nergalle
 21203 | Lair:2   | Reached skill level 16 in Axes
 21309 | Lair:2   | Noticed Fannar
 21322 | Lair:2   | Killed Fannar
 21514 | Lair:2   | Found a staircase to the Shoals.
 22884 | Lair:3   | Found a staircase to the Swamp.
 23144 | Lair:4   | Acquired a manual of Fighting
 23787 | Lair:4   | Paralysed by a floating eye for 4 turns
 24629 | Lair:5   | You fall into a shaft and drop 1 floor!
 24629 | Lair:6   | Entered Level 6 of the Lair of Beasts
 24833 | Lair:6   | Reached skill level 17 in Axes
 24837 | Lair:6   | Reached XP level 15. HP: 60/137 MP: 15/15
 25129 | Lair:6   | Noticed Snorg
 25137 | Lair:6   | Killed Snorg
 25706 | Lair:6   | Reached ****** piety under Trog
 25714 | Lair:6   | Received a gift from Trog
 25726 | Lair:6   | HP: 10/208 [entropy weaver (7)]
 25726 | Lair:6   | Mangled by an entropy weaver

Illustrated notes

Levels and vault maps discovered:
D:1:      dpeg_arrival_arbitrary_c, layout_basic, minmay_bisected
D:2:      kennysheep_big_flooded_room, layout_loops_ring,
          grunt_temple_overflow_diamond, st_stairs_13, uniq_jessica
D:3:      layout_basic, portal_sewer_entry_b, uniq_natasha
D:4:      layout_cave_pools
D:5:      layout_loops_cross, uniq_edmund, uniq_grinder
D:6:      lemuel_ratsnest, layout_loops_ring, nicolae_overflow_crystal_walls,
          palyth_stone_intersect, minivault_1, chequers_serial_rivers_marsh
D:7:      layout_basic, evilmike_ruin_ashenzari, minmay_temple_entry_waves,
          nemelex_lonely_heart_becter, uniq_pikel, uniq_maggie
D:8:      layout_rooms, lightli_temple_of_fire, serial_shops, shop
D:9:      layout_cave_pools, orc_0_dummy, serial_shops,
          nicolae_shop_behind_doors, shop_statue, nicolae_shop_statue_plus,
          enter_bailey_3, solitary_fountain
D:10:     layout_roguey, serial_bayou_pond_c
D:11:     layout_long_grid, erik_lair_dragon, serial_shops, shop
D:12:     layout_cave_pools, trove_entry_hex_spiral, special_room
          [special_room_orc], serial_rivers, chequers_serial_rivers_small_a,
          chequers_serial_rivers_small_b, chequers_serial_rivers_micro_e,
          chequers_serial_rivers_small_b, chequers_serial_rivers_small_3,
          chequers_serial_rivers_micro_c, kennysheep_windowed_goal
D:13:     gammafunk_sealed_library, layout_irregular_city
D:14:     layout_cave_pools, erik_vaults_2, serial_shops, nicolae_shop_stone,
          old_standard_altar, serial_bayou, serial_bayou_shore_a,
          serial_bayou_pond_d, serial_bayou_ford_a, serial_bayou_pond_e,
          hangedman_incinerator, uniq_josephine
D:15:     grunt_enter_depths_snipers, layout_gridville, roderic_serpentine_path,
          gauntlet_entry_generic, minivault_16
Lair:1:   layout_loops_ring, uniq_nergalle
Lair:2:   layout_chaotic_city, minmay_shoals_entry_lonely_mermaid,
          beast_lair_carwin_3, infiniplex_staircase_pool, grunt_megastairs_4,
          lemuel_fruit_tree, uniq_fannar
Lair:3:   layout_gridlike, nicolae_swamp_entry_splash_gauntlet,
          serial_bayou_shore_b
Lair:4:   layout_regular_city, disabler_island
Lair:5:   layout_long_grid, minmay_slime_entry_jelly_boxes,
          grunt_forest_large_clearings
Lair:6:   gammafunk_lair_ancient_temple, layout_loops_ring, wad_woods_river_03,
          zaba_antful_of_joy, uniq_snorg

Skill      XL: |  1  2  3  4  5  6  7  8  9 10 11 12 13 14 15 |
---------------+----------------------------------------------+-----
Dodging        | 3 4 5 6 7 8 9 10 11 12 | 12.9
Axes           | 4 5 6 7 9 10 11 12 13 15 17 | 17.5
Fighting       | 4 5 6 8 10 12 13 14 | 14.6
Shields        | 2 4 5 7 9 10 11 12 13 | 13.2

Action                   |  1- 3 |  4- 6 |  7- 9 | 10-12 | 13-15 || total
-------------------------+-------+-------+-------+-------+-------++-------
Melee: Hand axe          |   107 |   313 |   147 |       |       ||   567
       Tailslap          |    11 |    48 |    42 |    86 |   152 ||   339
       Battleaxe         |       |       |   105 |       |       ||   105
       War axe           |       |       |    61 |   589 |   915 ||  1565
Invok: Berserk           |       |     2 |     5 |     8 |     6 ||    21
       Trog's Hand       |       |     1 |       |       |     1 ||     2
 Abil: Breathe Steam     |       |       |     1 |     5 |     1 ||     7
Evoke: Wand              |       |       |       |    19 |     1 ||    20
       Condenser vane    |       |       |       |     1 |     1 ||     2
  Use: Scroll            |       |     8 |     8 |    23 |    12 ||    51
       Potion            |       |     1 |       |     4 |     3 ||     8
 Stab: Sleeping          |       |       |     2 |     2 |       ||     4
       Distracted        |       |       |     1 |       |       ||     1
       Confused          |       |       |       |       |     2 ||     2
       Petrified         |       |       |       |       |     5 ||     5
       Petrifying        |       |       |       |       |     4 ||     4
Armor: Skin              |    46 |   123 |    74 |   152 |   104 ||   499
Dodge: Dodged            |    87 |   273 |   193 |   461 |   526 ||  1540
Block: Buckler           |       |       |    25 |    82 |       ||   107
       Kite shield       |       |       |       |   193 |   519 ||   712

Table legend: (Time is in decaauts)
 A = Elapsed time spent in this place.
 B = Non-inter-level travel time spent in this place.
 C = Inter-level travel time spent in this place.
 D = Time resting spent in this place.
 E = Time spent auto-exploring this place.
 F = Levels seen in this place.
 G = Mean time per level.
                   A        B        C        D        E       F      G
               +--------+--------+--------+--------+--------+-----+--------+
         Total |  25928 |  25381 |    547 |   6669 |  13361 |  25 | 1037.1 |
       Dungeon |  18126 |  17689 |    437 |   4678 |   9526 |  15 | 1208.4 |
          Lair |   5494 |   5385 |    109 |    981 |   3412 |   6 |  915.7 |
         Trove |     56 |     56 |      0 |      0 |      0 |   1 |   56.0 |
         Sewer |   1065 |   1065 |      0 |    302 |    351 |   1 | 1065.0 |
        Bailey |    486 |    486 |      0 |    342 |      0 |   1 |  486.0 |
      Gauntlet |    698 |    698 |      0 |    363 |     71 |   1 |  698.0 |
               +--------+--------+--------+--------+--------+-----+--------+

Top non-repeatable levels by time:
    D:15: 1927 daAuts
    D:14: 1898 daAuts
    D:11: 1685 daAuts
    D:13: 1533 daAuts
     D:6: 1529 daAuts
  Lair:4: 1413 daAuts
    D:12: 1332 daAuts
     D:2: 1135 daAuts
  Lair:3: 1085 daAuts
  Lair:2: 1068 daAuts
   Sewer: 1065 daAuts
  Lair:6: 1038 daAuts
    D:10: 1010 daAuts
     D:7: 969 daAuts
     D:4: 961 daAuts
